 Dungeon Crawl Stone Soup version 0.22.0-40-g68aacdc (webtiles) character file.

48 Lew the Ducker (level 3, -3/26 HPs)
             Began as an Octopode Fighter on Sept 2, 2018.
             Slain by a wight
             ... wielding a +4 halberd
              (11 damage)
             ... on level 2 of the Dungeon.
             The game lasted 00:01:28 (862 turns).

Lew the Ducker (Octopode Fighter)                    Turns: 862, Time: 00:01:29

Health: -3/26      AC:  1    Str: 15    XL:     3   Next: 72%
Magic:  3/3        EV: 12    Int: 10    God:
Gold:   81         SH:  8    Dex: 12    Spells: 2/2 levels left

rFire    . . .     SeeInvis .   a - +0 war axe
rCold    . . .     Gourm    .   b - +0 shield
rNeg     . . .     Faith    .   (helmet restricted)
rPois    .         Spirit   .   (no amulet)
rElec    .         Reflect  .   (no ring)
rCorr    .         Harm     .   (no ring)
MR       .....                  (no ring)
Stlth    +++.......             (no ring)
HPRegen  0.08/turn              (no ring)
MPRegen  0.08/turn              (no ring)
                                (no ring)
                                (no ring)

@: no status effects
A: almost no armour, stealthy swim, amphibious, 8 rings, constrict 8, camouflage
1, gelatinous body 1
a: no special abilities


You were on level 2 of the Dungeon.
You were not hungry.

You visited 1 branch of the dungeon, and saw 2 of its levels.

You collected 81 gold pieces.

Inventory:

Hand Weapons
 a - a +0 war axe (weapon)
Armour
 b - a +0 shield (worn)
 l - a +0 large shield
Scrolls
 e - 4 scrolls of teleportation {unknown}
 f - 4 scrolls of identify {unknown}
 i - 3 scrolls of remove curse {unknown}
 j - a scroll of magic mapping {unknown}
 m - a scroll of fog {unknown}
 n - a scroll of blinking {unknown}
Potions
 c - a potion of might
 g - a potion of flight {unknown}
 h - 2 potions of curing {unknown}
 k - a potion of heal wounds {unknown}
Comestibles
 d - 3 rations


   Skills:
 + Level 3.3 Fighting
 + Level 2.5 Axes
 + Level 3.3 Dodging
 + Level 1.8 Stealth
 + Level 3.3 Shields


You had 2 spell levels left.
You didn't know any spells.
Your spell library was empty.

Dungeon Overview and Level Annotations

Branches:
Dungeon (2/15)

Altars:


Innate Abilities, Weirdness & Mutations

You cannot wear most types of armour.
You are very stealthy in the water. (Stealth+)
You are amphibious.
You can wear up to eight rings at the same time.
You can use your tentacles to constrict eight enemies at once.
Your skin changes colour to match your surroundings (Stealth+).
Your rubbery body absorbs attacks. (AC +1, EV +1)


Message History

There are monsters nearby!
The wight hits you with an enchanted halberd!!
Ouch! That really hurt!
You are too injured to fight recklessly!
You are too injured to fight recklessly!
You are too injured to fight recklessly!
You are too injured to fight recklessly!
You are too injured to fight recklessly!
You are too injured to fight recklessly!
You are too injured to fight recklessly!
You are too injured to fight recklessly!
You are too injured to fight recklessly!
You are too injured to fight recklessly!
You are too injured to fight recklessly!
You are too injured to fight recklessly!
You are too injured to fight recklessly!
You are too injured to fight recklessly!
You are too injured to fight recklessly!
The wight hits you from afar with an enchanted halberd!
You die...

.#.###.........##.#######
.# #.........##........
.# ####.####...........
.# #.#######........ .#
.####................
..........###.........
..........# #.........
..#######.# #...(..... .
########@######.#
.......z...# #
####).z........
#...zz...#.###..
#.##)#...#.# # #.#.#.#.#
# #.#.# # ..#.# ## .#


You could see 4 wights.

Vanquished Creatures
  Jessica (D:2)
  2 dart slugs (D:1)
  4 bats (D:1)
  A goblin (D:1)
  2 hobgoblins (D:1)
  3 kobolds
  A ball python (D:2)
  A frilled lizard (D:2)
  4 rats
19 creatures vanquished.

Notes
Turn   | Place    | Note
-------+----------+-------------------------------------------
     0 | D:1      | Lew the Octopode Fighter began the quest for the Orb.
     0 | D:1      | Reached XP level 1. HP: 16/16 MP: 1/1
   162 | D:1      | Reached XP level 2. HP: 15/21 MP: 2/2
   188 | D:1      | Reached skill level 1 in Stealth
   820 | D:2      | Noticed Jessica
   827 | D:2      | Killed Jessica
   827 | D:2      | Reached XP level 3. HP: 26/26 MP: 3/3
   862 | D:2      | Slain by a wight

Skill      XL: |  1  2 |
---------------+-------+-----
Stealth        | 1 |  1.8
Fighting       | |  3.3
Axes           | |  2.5
Dodging        | |  3.3
Shields        | |  3.3

Action                   || total
-------------------------++-------
Melee: War axe           ||    35
       Constrict         ||    10
       Tentacles         ||     6
 Stab: Sleeping          ||     5
Armor: Skin              ||    11
Dodge: Dodged            ||    17
Block: Shield            ||    13
